 Dungeon Crawl Stone Soup version 0.20.0-15-g7f486f2 (webtiles) character file.

1180 Phantomfrettchen the Covered (level 8, 0/48 HPs)
             Began as a Demonspawn Chaos Knight on June 20, 2017.
             Slain by a wight
             ... wielding a +2 halberd
              (1 damage)
             ... on level 5 of the Dungeon.
             The game lasted 00:29:46 (5393 turns).

Phantomfrettchen the Covered (DsCK)                 Turns: 5393, Time: 00:29:48

Health: 0/48       AC: 18    Str: 15 (16) XL:     8   Next: 19%
Magic:  8/8        EV: 10    Int: 14      God:    Xom [...*..]
Gold:   286        SH:  9    Dex: 14      Spells: 7/7 levels left

rFire    . . .     SeeInvis +   l - +2 dagger (protect)
rCold    + . .     Gourm    .   m - +0 shield
rNeg     + . .     Faith    .   a - +3 leather armour
rPois    +         Spirit   .   (helmet restricted)
rElec    +         Reflect  .   (no cloak)
rCorr    .         Harm     +   B - +2 pair of gloves {Str+3}
MR       .....                  L - +1 pair of boots
Stlth    +.........             n - amulet of harm
Regen    0.2/turn               j - ring of see invisible
MPRegen  0.2/turn               F - ring of positive energy

@: about to teleport, protection aura, drained
A: claws 2, horns 1, talons 2, cold resistance 1, frail 2, poison resistance,
electricity resistance, subdued magic 1
a: Renounce Religion


You were on level 5 of the Dungeon.
You worshipped Xom.
You were a favourite toy of Xom.
You were not hungry.

You visited 1 branch of the dungeon, and saw 5 of its levels.
You also visited: Sewer.

You collected 286 gold pieces.

Inventory:

Hand Weapons
 l - a +2 dagger of protection (weapon)
 y - a +2 short sword of draining
Armour
 a - a +3 leather armour (worn)
 d - a +2 robe of magic resistance
 m - a +0 shield (worn)
 s - a +2 pair of gloves
 x - a cursed -1 chain mail
 B - a +2 pair of gloves of strength (worn)
 G - a +0 robe of resistance
 L - a +1 pair of boots (worn)
 M - a +0 plate armour
Jewellery
 j - a ring of see invisible (left hand)
 n - an amulet of harm (around neck)
 F - a ring of positive energy (right hand)
Wands
 z - a wand of polymorph (10/24)
 K - a wand of disintegration (7/24)
Scrolls
 f - a scroll of enchant armour
 h - 2 scrolls of identify
 k - 2 scrolls of magic mapping
 p - a scroll of fear
 q - a scroll of recharging {unknown}
 u - 3 scrolls of teleportation
 A - a scroll of torment
 D - 3 scrolls of blinking {unknown}
 I - a scroll of fog {unknown}
 J - 2 scrolls of immolation {unknown}
Potions
 e - a potion of flight
 t - a potion of might
 w - a potion of berserk rage {unknown}
 C - 2 potions of resistance
 E - 3 potions of magic
 H - a potion of haste
 N - 2 potions of ambrosia {unknown}
Comestibles
 b - 2 bread rations
 g - a meat ration
 o - 2 royal jellies
 v - 3 fruits


   Skills:
 * Level 4.2(3.8) Fighting
 - Level 3.5(3.1) Short Blades
   Level 0.5(0.1) Maces & Flails
 - Level 4.6(4.2) Armour
 - Level 3.0(2.6) Dodging
 - Level 4.0(3.6) Shields
 - Level 4.1(3.8) Unarmed Combat


You had 7 spell levels left.
You didn't know any spells.

Dungeon Overview and Level Annotations

Branches:
Dungeon (5/15)
 Temple: D:4-7

Altars:
Ashenzari
Dithmenos
Nemelex Xobeh
Qazlal
Ru
Trog
Uskayaw
Xom

Annotations:
D:5 Menkaure, Pikel


Innate Abilities, Weirdness & Mutations

You have very sharp fingernails.
You have a pair of small horns on your head.
You have razor-sharp toenails.
Your flesh is cold resistant. (rC+)
You are very frail. (-20% HP)
Your system is resistant to poisons. (rPois)
You are resistant to electric shocks. (rElec)
Your spells are a little easier to cast, but a little less powerful.


Message History

As you read the scroll of teleportation, it crumbles to dust.
You feel strangely unstable.
Your white imp misses the wight.
The wight hits you but does no damage. You block the wight's attack.
The wight hits your white imp with an enchanted dagger!
Your white imp dies!
You hit the orc but do no damage.
Your weapon exudes an aura of protection.
You block the orc's attack. The wight hits you but does no damage.
The wight hits your shadow imp but does no damage.
You hit the orc.
The orc is severely wounded.
The wight closely misses you.
Your shadow imp misses the wight.
You block the orc's attack. You block the wight's attack.
You hit the orc but do no damage.
The orc is severely wounded.
The wight hits your shadow imp with an enchanted dagger.
Your shadow imp barely misses the wight.
The wight hits you from afar with an enchanted halberd.
You die...
Xom roars with laughter!

#........#
#.........##.).).o
#........#
#..........#######
#........#
#....p...(..#
#...z$.z#
#...........# ###
#.....zz#
#.K.........# ##..
#######z#
##.........####..# #.#
##z...#...## #..##
#(####.o###########.##
#(##z5@## #...#
#.zzz### ###.###
#.#### #...# ### #####


You could see Pikel, a slave, 5 wights, an orc and a friendly shadow imp.

Vanquished Creatures
  Duvessa (D:5)
  2 sky beasts (D:5)
  An orc warrior (D:4)
  3 slaves (D:5)
  A centaur (D:5)
  An ogre (D:4)
  A big kobold (Sewer)
  Dowan (D:5)
  A hound (D:3)
  An orc priest (D:5)
  3 orc wizards
  2 iguanas
  3 worker ants
  A hound skeleton (D:5)
  Robin (D:2)
  A worker ant zombie (D:5)
  A gnoll (D:2)
  10 adders
  4 oozes
  6 worms
  3 dart slugs
  4 leopard geckos
  9 orcs
  8 giant cockroaches
  10 hobgoblins
  10 jackals
  3 quokkas
  4 ball pythons
  6 bats
  4 frilled lizards
  15 goblins
  8 kobolds
  9 rats
  A bush (D:1)
  A plant (D:1)
140 creatures vanquished.

Vanquished Creatures (collateral kills)
  A worker ant (D:4)
  2 goblins (D:2)
3 creatures vanquished.

Vanquished Creatures (others)
  An orc wizard (D:5)
1 creature vanquished.

Grand Total: 144 creatures vanquished

Notes
Turn   | Place    | Note
-------+----------+-------------------------------------------
     0 | D:1      | Phantomfrettchen the Demonspawn Chaos Knight began the quest for the Orb.
     0 | D:1      | Reached XP level 1. HP: 18/18 MP: 1/1
   107 | D:1      | XOM: butterfly on damage
   322 | D:1      | Gained mutation: You have sharp toenails. [demonic ancestry]
   322 | D:1      | Reached XP level 2. HP: 8/24 MP: 2/2
   366 | D:1      | XOM: smoke on damage
   467 | D:1      | Found a sparkling altar of Nemelex Xobeh.
   634 | D:1      | XOM: mild Necr miscast
   679 | D:1      | Reached skill level 1 in Dodging
  1112 | D:1      | XOM: give mutations
  1112 | D:1      | Gained mutation: You are resistant to electric shocks. (rElec) [Xom's grace]
  1112 | D:1      | Gained mutation: You have a pair of small antennae on your head. [Xom's grace]
  1112 | D:1      | Gained mutation: You are robust. (+10% HP) [Xom's grace]
  1236 | D:1      | Reached XP level 3. HP: 24/31 MP: 3/3
  1597 | D:2      | XOM: polymorph adder -> gnoll
  1602 | D:2      | XOM: noise
  1602 | D:2      | XOM: butterfly on damage
  1655 | D:2      | XOM: snakes to sticks
  1847 | D:2      | XOM: scenery: 2 doors open, 1 doors close
  1855 | D:2      | XOM: enchant monster (good)
  1999 | D:2      | Gained mutation: You have razor-sharp toenails. [demonic ancestry]
  1999 | D:2      | Reached XP level 4. HP: 31/38 MP: 4/4
  2013 | D:2      | XOM: cloud trail
  2047 | D:2      | Found a sacrificial altar of Ru.
  2276 | D:2      | XOM: god gift: runed ring mail {god gift}
  2303 | D:2      | Noticed Robin
  2329 | D:2      | XOM: enchant monster (bad)
  2402 | D:2      | Killed Robin
  2771 | D:3      | XOM: god gift: scroll labeled YWNEIBL ACUE {god gift}
  2804 | D:3      | Found a glowing drain.
  2821 | D:3      | Gained mutation: You have sharp fingernails. [demonic ancestry]
  2821 | D:3      | Reached XP level 5. HP: 42/45 MP: 5/5
  2834 | Sewer    | Entered a sewer
  2840 | Sewer    | XOM: cast spell 'Disjunction'
  2843 | Sewer    | XOM: 3-stop teleportation journey
  2861 | Sewer    | Reached skill level 1 in Short Blades
  3113 | Sewer    | Reached skill level 1 in Shields
  3288 | Sewer    | XOM: god gift: pair of runed gloves {god gift}
  3307 | Sewer    | Gained mutation: Your flesh is cold resistant. (rC+) [demonic ancestry]
  3307 | Sewer    | Reached XP level 6. HP: 51/51 MP: 6/6
  3361 | D:3      | XOM: enchant monster (good)
  3466 | D:3      | XOM is BORED!
  3466 | D:3      | XOM: blink monster(s)
  3539 | D:3      | XOM: scenery: create altars
  4064 | D:4      | XOM: noise
  4113 | D:4      | XOM: enchant monster (good)
  4196 | D:4      | Found a shadowy altar of Dithmenos.
  4211 | D:4      | XOM: summons 2 friendly demons
  4222 | D:4      | XOM: mild Chrm miscast
  4253 | D:4      | Found a shattered altar of Ashenzari.
  4253 | D:4      | XOM: 3-stop teleportation journey
  4258 | D:4      | Noticed an orc warrior
  4260 | D:4      | XOM: potion effect (might)
  4272 | D:4      | XOM: swap monsters
  4503 | D:4      | Lost mutation: You have a pair of small antennae on your head. [demonic ancestry]
  4503 | D:4      | Gained mutation: You have a pair of small horns on your head. [demonic ancestry]
  4503 | D:4      | Reached XP level 7. HP: 27/57 MP: 7/7
  4675 | D:4      | Found a stormy altar of Qazlal.
  4675 | D:4      | XOM: cast spell 'Necromutation'
  4692 | D:4      | XOM: smoke on damage
  4704 | D:4      | Found a faded altar of an unknown god.
  4709 | D:4      | Found a faded altar of an unknown god.
  4711 | D:4      | Found a hide-covered altar of Uskayaw.
  4797 | D:5      | Entered Level 5 of the Dungeon
  4797 | D:5      | Noticed Duvessa
  4797 | D:5      | Noticed Dowan
  4803 | D:5      | XOM: blink monster(s)
  4807 | D:5      | XOM: mild Hex miscast
  4810 | D:5      | Lost mutation: You are robust. (+10% HP) [potion of mutation]
  4810 | D:5      | Lost mutation: You are resistant to electric shocks. (rElec) [potion of mutation]
  4810 | D:5      | Gained mutation: You are resistant to hostile enchantments. (MR+) [potion of mutation]
  4810 | D:5      | Gained mutation: You are resistant to electric shocks. (rElec) [potion of mutation]
  4817 | D:5      | XOM: harmless Tmut miscast
  4823 | D:5      | Killed Duvessa
  4831 | D:5      | Killed Dowan
  4899 | D:5      | Found a bloodstained altar of Trog.
  4916 | D:5      | Lost mutation: You are resistant to electric shocks. (rElec) [potion of mutation]
  4916 | D:5      | Lost mutation: You are resistant to hostile enchantments. (MR+) [potion of mutation]
  4916 | D:5      | Gained mutation: You are dopey. (Int -2) [potion of mutation]
  4916 | D:5      | Gained mutation: Your flesh is very cold resistant. (rC++) [potion of mutation]
  4917 | D:5      | Lost mutation: You are dopey. (Int -2) [potion of mutation]
  4917 | D:5      | Lost mutation: Your flesh is very cold resistant. (rC++) [potion of mutation]
  4917 | D:5      | Gained mutation: You are frail. (-10% HP) [potion of mutation]
  4917 | D:5      | Gained mutation: You are very frail. (-20% HP) [potion of mutation]
  4917 | D:5      | Gained mutation: You are resistant to electric shocks. (rElec) [potion of mutation]
  5035 | D:5      | XOM: potion effect (curing)
  5051 | D:5      | XOM: confusion (+ monsters)
  5059 | D:5      | XOM: summons 1 hostile demon
  5088 | D:5      | Gained mutation: You have very sharp fingernails. [demonic ancestry]
  5088 | D:5      | Reached XP level 8. HP: 27/46 MP: 8/8
  5108 | D:5      | Gained mutation: Your spells are a little easier to cast, but a little less powerful. [mutagenic meat]
  5109 | D:5      | Gained mutation: You are weak. (Str -2) [mutagenic meat]
  5110 | D:5      | Lost mutation: You are weak. (Str -2) [mutagenic meat]
  5111 | D:5      | Gained mutation: Your system is resistant to poisons. (rPois) [mutagenic meat]
  5153 | D:5      | XOM: noise
  5155 | D:5      | XOM: noise
  5180 | D:5      | XOM: stat loss: -1 Str (15/16)
  5183 | D:5      | XOM: enchant monster (bad)
  5184 | D:5      | XOM: confusion
  5187 | D:5      | XOM: enchant monster (bad)
  5191 | D:5      | XOM: harmless Chrm miscast
  5201 | D:5      | XOM: noise
  5203 | D:5      | XOM: harmless Chrm miscast
  5205 | D:5      | Noticed Menkaure
  5222 | D:5      | XOM: confusion
  5224 | D:5      | XOM: 1-stop teleportation journey
  5229 | D:5      | Noticed Pikel
  5233 | D:5      | XOM: mild Necr miscast
  5235 | D:5      | XOM: medium Fire miscast
  5236 | D:5      | XOM: confuse monster(s)
  5251 | D:5      | XOM: divination: detect creatures
  5272 | D:5      | XOM: divination: magic mapping
  5277 | D:5      | HP: 2/48 [ogre/giant spiked club (8)]
  5369 | D:5      | XOM: summons 2 friendly demons
  5385 | D:5      | XOM: summons 2 friendly demons
  5389 | D:5      | HP: 1/48 [wight/spear (4)]
  5393 | D:5      | Slain by a wight

Skill      XL: |  1  2  3  4  5  6  7  8 |
---------------+-------------------------+-----
Unarmed Combat | 3 4 |  4.1
Armour         | 2 3 4 |  4.6
Dodging        | 1 2 3 |  3.0
Short Blades   | 1 3 |  3.5
Shields        | 1 2 4 |  4.0
Fighting       | 4 |  4.2
Maces & Flails | |  0.5

Action                   |  1- 3 |  4- 6 |  7- 9 || total
-------------------------+-------+-------+-------++-------
Melee: Unarmed           |    74 |       |       ||    74
       Mace              |   180 |       |       ||   180
       Kick              |   100 |    92 |       ||   192
       Dagger            |    30 |   425 |   204 ||   659
       Punch             |    10 |       |       ||    10
       Short sword       |       |     2 |       ||     2
       Headbutt          |       |       |    41 ||    41
  Use: Scroll            |     5 |     1 |     7 ||    13
       Potion            |       |       |    14 ||    14
 Stab: Sleeping          |     1 |       |       ||     1
       Paralysed         |       |     2 |       ||     2
       Invisible         |       |       |     3 ||     3
  Eat: Chunk             |     4 |     9 |     7 ||    20
Armor: Leather armour    |    59 |   189 |    78 ||   326
Dodge: Dodged            |   112 |   178 |    86 ||   376
Block: Shield            |       |   124 |    97 ||   221
